 Dungeon Crawl Stone Soup version 0.30-a0-459-g9104f0fc43 (webtiles) character file.

Game seed: 15557600088225548472

78 LnG the Caller (level 4, -1/24 HPs)
             Began as a Kobold Summoner on Dec 15, 2022.
             Slain by a white imp (3 damage)
             ... summoned by Natasha
             ... on level 2 of the Dungeon.
             The game lasted 00:07:24 (1527 turns).

LnG the Caller (Kobold Summoner)                    Turns: 1527, Time: 00:07:24

Health: -1/24      AC:  3    Str:  5    XL:     4   Next: 61%
Magic:  1/8        EV: 15    Int: 18    God:
Gold:   115        SH:  0    Dex: 15    Spells: 2/8 levels left

rFire   . . .      SeeInvis .    h - +0 dagger
rCold   . . .      Faith    .    (no shield)
rNeg    . . .      Spirit   .    a - +0 robe
rPois   .          Reflect  .    m - +0 helmet
rElec   .          Harm     .    (no cloak)
rCorr   .          Rampage  .    (no gloves)
Will    .....                    (no boots)
Stlth   ++++......               (no amulet)
HPRegen 0.24/turn                (no ring)
MPRegen 0.11/turn                (no ring)

@: no status effects
A: small, no large weapons, nightstalker 3
a: no special abilities


You were on level 2 of the Dungeon.
You visited 1 branch of the dungeon, and saw 2 of its levels.

You collected 115 gold pieces.

Inventory:

Hand Weapons
 d - a +0 short sword
 h - a +0 dagger (weapon)
Armour
 a - a +0 robe (worn)
 m - a +0 helmet (worn)
Scrolls
 c - a scroll of identify {unknown}
 g - a scroll of butterflies {unknown}
 k - a scroll of enchant armour {unknown}
Potions
 b - a potion of magic
 e - 3 potions of degeneration {unknown}
 f - a potion of resistance {unknown}
 i - a potion of flight {unknown}
 j - a potion of berserk rage {unknown}
 l - a potion of cancellation {unknown}
 n - 2 potions of ambrosia {unknown}


   Skills:
 + Level 0.2 Short Blades
 * Level 3.1 Dodging
 * Level 4.3 Stealth
 + Level 2.9 Spellcasting
 + Level 4.4 Summonings


You had 2 spell levels left.
You knew the following spells:

 Your Spells              Type           Power      Damage    Failure   Level
a - Summon Small Mammal   Summ           72%        N/A       2%          1
b - Call Imp              Summ           18%        N/A       4%          2
c - Call Canine Familiar  Summ           18%        N/A       8%          3

Your spell library contained the following spells:

 Spells                   Type           Power      Damage    Failure   Level
 Sting                    Tmut/Pois      8%         1d3       17%         1
 Poisonous Vapours        Pois/Air       4%         N/A       26%         2
 Summon Guardian Golem    Hex/Summ       10%        N/A       21%         3
 Portal Projectile        Hex/Tloc       4%         N/A       45%         3
 Summon Lightning Spire   Summ/Air       10%        N/A       54%         4
 Leda's Liquefaction      Hex/Erth       1%         N/A       86%         4
 Olgreb's Toxic Radiance  Pois           2%         N/A       86%         4


Dungeon Overview and Level Annotations

Branches:
Dungeon (2/15)

Altars:

Annotations:
D:2 Natasha


Innate Abilities, Weirdness & Mutations

You are small and have problems with some larger weapons.
You are completely attuned to the shadows.


Message History

Natasha is nearby!
Casting: Call Canine Familiar (quite dangerous; 8% risk of failure)
Confirm with . or Enter, or press ? or * to list all spells.
The spell is quite dangerous to miscast (8% risk of failure)!
Continue anyway?
Natasha stares at you and mumbles some strange words.
The magic dart hits you!
Casting: Call Canine Familiar (quite dangerous; 8% risk of failure)
Confirm with . or Enter, or press ? or * to list all spells.
A beastly little devil appears in a puff of flame.
Your hound misses Natasha.
Your crimson imp barely misses Natasha.
You closely miss Natasha.
Natasha mumbles some strange words.
You feel troubled.
Natasha casts a spell.
Your hound barely misses Natasha.
Your crimson imp hits Natasha but does no damage.
You hit Natasha.
Natasha is lightly wounded.
Your hound bites Natasha.
Natasha hisses.
Natasha claws you!
Your hound barely misses Natasha.
Your crimson imp blinks!
The white imp gestures at you. The puff of frost hits you.
* * * LOW HITPOINT WARNING * * *
You hit Natasha but do no damage.
Natasha is moderately wounded.
Natasha mumbles some strange words.
You feel disoriented. Natasha misses you.
Your hound misses Natasha. You closely miss Natasha.
Natasha is moderately wounded.
Your hound bites Natasha but does no damage.
Natasha claws you but does no damage.
You closely miss Natasha.
Natasha is moderately wounded.
Your hound bites Natasha.
The white imp hits you.
* * * LOW HITPOINT WARNING * * *
The white imp freezes you.
You die...

#########.....h.
#...............
#...............
#...............
#...........†...
###....5.....$..
#..h..........
#..§h†.....##+
#...@5.....#
#..........#
#..........##
#..>.........
#..........##
#...........#
#####.....#.#
####....#
#####.....


You could see Natasha (ally target), a white imp (summoned), a friendly hound
(summoned) and a friendly crimson imp (summoned).

Vanquished Creatures
  An adder (D:2)
  A worm (D:2)
  A dart slug (D:1)
  2 endoplasms (D:1)
  2 giant cockroaches (D:1)
  2 goblins
  A hobgoblin (D:2)
  4 jackals (D:1)
  2 quokkas
  4 ball pythons
  A bat (D:2)
  A frilled lizard (D:2)
  A rat (D:2)
23 creatures vanquished.

Vanquished Creatures (collateral kills)
  Robin (D:2)
  A gnoll (D:1)
  An endoplasm (D:1)
  7 goblins
  3 hobgoblins (D:2)
  A quokka (D:1)
  2 ball pythons (D:1)
  A kobold (D:1)
17 creatures vanquished.

Grand Total: 40 creatures vanquished

Notes
Turn   | Place    | Note
-------+----------+-------------------------------------------
     0 | D:1      | LnG the Kobold Summoner began the quest for the Orb.
     0 | D:1      | Reached XP level 1. HP: 10/10 MP: 3/3
   189 | D:1      | Reached XP level 2. HP: 14/15 MP: 1/5
   192 | D:1      | Learned a level 2 spell: Call Imp
   903 | D:1      | Found a faded altar of an unknown god.
   937 | D:1      | Reached XP level 3. HP: 16/19 MP: 0/6
   941 | D:1      | Learned a level 3 spell: Call Canine Familiar
  1273 | D:2      | Noticed Robin
  1277 | D:2      | Reached XP level 4. HP: 19/24 MP: 2/8
  1308 | D:2      | Killed Robin
  1477 | D:2      | Noticed Natasha
  1527 | D:2      | Slain by a white imp

Illustrated notes

Levels and vault maps discovered:
D:1:      dpeg_arrival_arbitrary_a, layout_basic,
          hellmonk_ecumenical_altar_lost_god, minivault_25,
          nicolae_concentric_dashed_squares_mild
D:2:      layout_basic, grunt_ministairs_2, minmay_misc_feat_nine_boxes,
          minmay_divided_ellipse, uniq_sigmund, uniq_natasha, uniq_robin

Skill      XL: |  1  2  3  4 |
---------------+-------------+-----
Stealth        | 3 4 |  4.3
Dodging        | 3 |  3.1
Short Blades   | |  0.2
Spellcasting   | |  2.9
Summonings     | |  4.4

Action                   |  1- 3 |  4- 6 || total
-------------------------+-------+-------++-------
Melee: Unarmed           |    10 |       ||    10
       Dagger            |    20 |    21 ||    41
       Short sword       |    10 |       ||    10
 Cast: Summon Small Mamm |    13 |       ||    13
       Call Imp          |     6 |     3 ||     9
       Call Canine Famil |     1 |     1 ||     2
 Stab: Sleeping          |    14 |     1 ||    15
Armor: Robe              |     4 |     5 ||     9
Dodge: Dodged            |    30 |    18 ||    48

Table legend: (Time is in decaauts)
 A = Elapsed time spent in this place.
 B = Non-inter-level travel time spent in this place.
 C = Inter-level travel time spent in this place.
 D = Time resting spent in this place.
 E = Time spent auto-exploring this place.
 F = Levels seen in this place.
 G = Mean time per level.
                   A        B        C        D        E       F      G
               +--------+--------+--------+--------+--------+-----+--------+
         Total |   1525 |   1508 |     17 |      7 |   1167 |   2 |  762.5 |
       Dungeon |   1525 |   1508 |     17 |      7 |   1167 |   2 |  762.5 |
               +--------+--------+--------+--------+--------+-----+--------+

Top non-repeatable levels by time:
     D:1: 1229 daAuts
     D:2: 296 daAuts
